 Dungeon Crawl Stone Soup version 0.18-a0-116-g2d311b1 (webtiles) character file.

497 Proton the Chopper (level 6, 0/55 HPs)
             Began as a Deep Dwarf Fighter on Nov 16, 2015.
             Slain by Somebody's ghost (13 damage)
             ... on level 6 of the Dungeon.
             The game lasted 00:08:23 (3739 turns).

Proton the Chopper (Deep Dwarf Fighter)             Turns: 3739, Time: 00:08:23

Health: 0/55       AC:  9    Str: 21    XL:     6   Next: 93%
Magic:  6/6        EV: 10    Int: 12    God:
Gold:   357        SH:  0    Dex: 15    Spells: 0 memorised, 5 levels left

rFire  . . .     SeeInvis .     y - +2 hand axe (venom)
rCold  . . .     Clarity  .     a - +3 ring mail
rNeg   . . .     SustAt   .     (no shield)
rPois  .         Gourm    .     (no helmet)
rElec  .         Spirit   .     (no cloak)
rCorr  .         Warding  .     (no gloves)
rMut   +         Stasis   .     (no boots)
MR     .....                    t - amulet of resist mutation
Stlth  +.........               C - +3 ring of dexterity
                                I - +3 ring of intelligence

@: non-regenerating, not resistant to hostile enchantments, very unstealthy
A: damage resistance, recharge devices, sense surroundings 1, slow regeneration
3
a: Device Recharging


You were on level 6 of the Dungeon.
You were not hungry.

You visited 2 branches of the dungeon, and saw 7 of its levels.

You collected 357 gold pieces.

Inventory:

Hand Weapons
 y - a +2 hand axe of venom (weapon)
Missiles
 B - 15 poisoned needles
Armour
 a - a +3 ring mail (worn)
Jewellery
 t - an amulet of resist mutation (around neck)
 C - a +3 ring of dexterity (right hand)
 I - a +3 ring of intelligence (left hand)
Wands
 e - a wand of heal wounds (0)
 G - a wand of draining (0)
Scrolls
 f - 3 scrolls of magic mapping {unknown}
 g - 2 scrolls of amnesia {unknown}
 h - 2 scrolls of noise {unknown}
 i - 3 scrolls of fog {unknown}
 k - 2 scrolls of teleportation {unknown}
 l - 6 scrolls of remove curse {unknown}
 n - 2 scrolls of random uselessness {unknown}
 o - 2 scrolls of blinking {unknown}
 s - a scroll of fear {unknown}
 w - a scroll of recharging {unknown}
 x - 6 scrolls of identify {unknown}
 A - a scroll of immolation {unknown}
Potions
 d - 2 potions of might
 j - 2 potions of agility {unknown}
 p - a potion of beneficial mutation {unknown}
 q - 4 potions of brilliance {unknown}
 r - 3 potions of heal wounds {unknown}
 v - a potion of ambrosia {unknown}
 z - a potion of curing {unknown}
 D - a potion of flight {unknown}
 F - 2 potions of cure mutation {unknown}
 H - 3 potions of poison {unknown}
 J - 2 potions of invisibility {unknown}
 K - a potion of magic {unknown}
Books
 E - a book of Unlife

   Spells                             Type                      Level
   a - Recall                         Summoning/Translocation      3
   b - Animate Dead                   Necromancy                   4
   c - Control Undead                 Necromancy                   4
   d - Cigotuvi's Embrace             Necromancy                   5
   e - Death Channel                  Necromancy                   6
   f - Simulacrum                     Ice/Necromancy               6
Comestibles
 b - a slice of pizza
 c - 3 meat rations
 m - 2 beef jerkies
 u - 5 fruits


   Skills:
 - Level 2.6 Fighting
 * Level 6.8 Axes
 + Level 5.6 Armour
   Level 3.2 Shields


You had 5 spell levels left.
You didn't know any spells.

Dungeon Overview and Level Annotations

Branches:
Dungeon (6/15)             Temple (1/1) D:6

Altars:
Cheibriados
Dithmenos
Elyvilon
Fedhas
Gozag
Kikubaaqudgha
Nemelex Xobeh
Okawaru
Sif Muna
Trog
Vehumet
Xom
Yredelemnul

Annotations:
D:6 Somebody's ghost, novice DgTm


Innate Abilities, Weirdness & Mutations

You are resistant to damage.
You can recharge devices by infusing magical energy.
You passively map a small area around you.
You do not regenerate naturally.


Message History

Somebody's ghost barely misses you.
You hit Somebody's ghost.
Somebody's ghost is heavily damaged.
Somebody's ghost hits you!
You hit Somebody's ghost.
Somebody's ghost is heavily damaged.
You hit Somebody's ghost.
Somebody's ghost is heavily damaged.
Somebody's ghost hits you!
You hit Somebody's ghost.
Somebody's ghost is severely damaged.
Somebody's ghost hits you!
* * * LOW HITPOINT WARNING * * *
You slash Somebody's ghost!
Somebody's ghost is severely damaged.
Somebody's ghost closely misses you.
You hit Somebody's ghost.
Somebody's ghost is severely damaged.
Somebody's ghost hits you!
You die...

........##..............#
........##..............#
........##..............#
........##..........>...#
........##.............##
........##.........PP..#
........##.............#
* *
..W.....##.............#,
*
##'#############@##....#
#.# #W##....# #.#######
#.###+### , #..W....# #.#
#.# * #######.# #.###.#
#.# #.....# ,, ,,, #.#
#.##### , * ,#W# #.# , +
* #.# #.# * ,


You could see Somebody's ghost.

Vanquished Creatures
  A phantom (D:6)
  2 giant frogs
  2 scorpions
  A jelly (D:5)
  4 adders
  3 oozes
  2 worms (D:2)
  4 giant geckos
  12 orcs
  A ball python (D:1)
  2 giant cockroaches
  15 goblins
  7 hobgoblins
  7 jackals
  4 quokkas
  8 bats
  A giant gecko zombie (D:5)
  4 giant newts
  6 kobolds
  10 rats
96 creatures vanquished.

Vanquished Creatures (others)
  A wizard (D:4)
  A human (D:5)
2 creatures vanquished.

Grand Total: 98 creatures vanquished

Notes
Turn   | Place    | Note
--------------------------------------------------------------
     0 | D:1      | Proton the Deep Dwarf Fighter began the quest for the Orb.
     0 | D:1      | Reached XP level 1. HP: 20/20 MP: 1/1
   156 | D:1      | Reached XP level 2. HP: 24/27 MP: 2/2
   484 | D:2      | Reached XP level 3. HP: 22/33 MP: 3/3
   589 | D:2      | Reached skill level 4 in Armour
  1086 | D:2      | Reached XP level 4. HP: 30/40 MP: 4/4
  1980 | D:4      | Noticed a giant frog
  1989 | D:5      | Entered Level 5 of the Dungeon
  1999 | D:5      | HP: 2/40 [giant frog (3)]
  2003 | D:5      | Killed a giant frog
  2003 | D:5      | Reached skill level 5 in Axes
  2003 | D:5      | Reached XP level 5. HP: 13/46 MP: 5/5
  2086 | D:4      | Reached skill level 5 in Armour
  2086 | D:4      | Reached XP level 6. HP: 32/55 MP: 6/6
  2335 | D:4      | Reached skill level 6 in Axes
  2641 | D:4      | Found a bloodstained altar of Trog.
  2643 | D:4      | Noticed a wizard
  2648 | D:4      | Killed a wizard
  3317 | D:5      | Found an ancient bone altar of Kikubaaqudgha.
  3319 | D:5      | Noticed a human
  3320 | D:5      | Killed a human
  3395 | D:6      | Found a staircase to the Ecumenical Temple.
  3410 | Temple   | Entered the Ecumenical Temple
  3616 | D:6      | Found a radiant altar of Vehumet.
  3683 | D:6      | Noticed Somebody's ghost (novice DgTm)
  3739 | D:6      | Slain by Somebody's ghost

Vault maps used:
D:1:      dpeg_arrival_arbitrary_c
D:2:      serial_forest, infiniplex_forest_end_2,
          infiniplex_forest_clump_double, infiniplex_forest_straight_4,
          infiniplex_forest_end_double, infiniplex_forest_straight_4,
          infiniplex_forest_clump_medium, infiniplex_forest_end_3,
          infiniplex_forest_lined_room_, infiniplex_forest_corner_2
D:3:      dk_noncrumbling_4
D:4:      kennysheep_the_goblin_king, first_bread, trog_wizard
D:5:      tgw_kikubaaqudgha
D:6:      kennysheep_little_box, minmay_temple_entry_overgrown
Temple:   bh_familiar_temple

Action                   |  1- 3 |  4- 6 || total
-------------------------+-------+-------++-------
Melee: War axe           |   126 |   142 ||   268
       Hand axe          |       |    63 ||    63
Evoke: Wand              |     1 |    10 ||    11
  Eat: Bread ration      |       |     2 ||     2
       Royal jelly       |       |     1 ||     1
